Cogmind - Beta 13 @@@ ROGUE MODE // 2024.05.18 @ 17:49:03 Player: BatSpy Result: Destroyed self via exploding Nuclear Reactor Performance ------------- Evolutions (0) 0 Regions Visited (1) 200 Robots Destroyed (9) 45 Value Destroyed (210) 210 Prototype IDs (0) 0 Alien Tech Used (0) 0 Bonus (0) 0 TOTAL SCORE: 455 Bonus ------- None Cogmind --------- Core Integrity 0/250 Matter 231/300 Energy 250/250 System Corruption 0% Temperature Cool (0) Movement Walking (120) Location -10/Materials Parts ------- > --- POWER (1) -------- Ion Engine > --- PROPULSION (2) --- Aluminum Leg Aluminum Leg > --- UTILITY (2) ------ Medium Storage Unit Signal Interpreter > --- WEAPON (2) ------- Assault Rifle Grenade Launcher > --- INVENTORY (10) --- Aluminum Leg Wheel Wheel Peak State ------------ > --- POWER ------------ Ion Engine > --- PROPULSION ------- Aluminum Leg Aluminum Leg > --- UTILITY ---------- Small Storage Unit Signal Interpreter > --- WEAPON ----------- EM Pulse Gun EM Pulse Gun > --- INVENTORY -------- Aluminum Leg Aluminum Leg [Rating: 7] Favorites ----------- Power Ion Engine Engine Ion Engine Propulsion Aluminum Leg Leg Aluminum Leg Utility Small Storage Unit Storage Small Storage Unit Processor Signal Interpreter Weapon EM Pulse Gun Energy Gun EM Pulse Gun Ballistic Gun Assault Rifle Launcher Grenade Launcher Build | -11 -10 ------- Run | Yrd Mat Slots Evolved . | . . Power . | . . Propulsion . | . . Utility . | . . Weapon . | . . Parts Attached 12 | 6 6 Power 1 | 1 . Engine 1 | 1 . Core . | . . Reactor . | . . Propulsion 3 | 2 1 Treads . | . . Leg 3 | 2 1 Wheel . | . . Hover . | . . Flight . | . . Utility 3 | 1 2 Device . | . . Storage 2 | 1 1 Processor 1 | . 1 Hackware . | . . Protection . | . . Artifact . | . . Weapon 5 | 2 3 Energy Gun 3 | 2 1 Energy Cannon . | . . Ballistic Gun 1 | . 1 Ballistic Cannon . | . . Launcher 1 | . 1 Special Weapon . | . . Impact Weapon . | . . Slashing Weapon . | . . Piercing Weapon . | . . Special Melee Weapon . | . . Unidentified Prototypes . | . . Parts Lost 4 | . 4 Power . | . . Propulsion 1 | . 1 Utility . | . . Weapon 3 | . 3 Highest Loss Streak 3 | . 3 To Critical Strikes . | . . Average Slot Usage (%) 87 | . 87 Engine 14 | . 14 Leg 27 | . 27 Storage 14 | . 14 Processor 8 | . 8 Energy Gun 20 | . 20 Naked Turns . | . . Heaviest Build 20 | 14 20 Greatest Support 20 | 20 20 Greatest Overweight (x) 1 | . 1 Average Overweight (x) . | . . Largest Inventory Capacity 10 | 8 10 Average Capacity 8 | 5 8 Most Carried 5 | 5 5 Average Carried 1 | . 1 Final Capacity 10 | 8 10 Final Carried 3 | . 3 Class Distribution -------------------- 100% | Mutant Dominant Class ---------------- Mutant | -10/Materials Resources | -11 -10 ----------- Run | Yrd Mat Matter Collected 274 | 193 81 Remotely . | . . Salvage Created 264 | . 264 Parts 25 | . 25 Haulers Intercepted . | . . Recyclers Shooed . | . . Parts Field Recycled . | . . Retrieved Matter . | . . Parts Self-Destructed . | . . Prevented . | . . Kills | -11 -10 ------- Run | Yrd Mat Combat Hostiles Destroyed 6 | . 6 Guns 4 | . 4 AOE 2 | . 2 Classes Destroyed 4 | . 4 Worker 2 | . 2 Watcher 1 | . 1 Swarmer 2 | . 2 Grunt 4 | . 4 Best Kill Streak 2 | . 2 Combat Bots Only 2 | . 2 Max Kills in Single Turn 2 | . 2 Gunslinging . | . . Exploded 1 | . 1 Melee . | . . Uniques/NPCs Destroyed . | . . Combat | -11 -10 -------- Run | Yrd Mat Hostile Shots Fired 74 | . 74 Missed 20 | . 20 Damage Taken 764 | . 764 Core 267 | . 267 Absorbed by Shields . | . . Core Remaining (%) 100 | 100 . Volleys Fired 30 | . 30 Largest 2 | . 2 Hottest 80 | . 80 Shots Fired 46 | . 46 Gun 44 | . 44 Cannon . | . . Launcher 2 | . 2 Special . | . . Kinetic 6 | . 6 Thermal 9 | . 9 Explosive 2 | . 2 Electromagnetic 29 | . 29 Robot Hit Streak 4 | . 4 Robot Miss Streak 5 | . 5 Penetration Max . | . . Secondary Targets 1 | . 1 Max Gunslinging Chain 1 | . 1 Shots Hit Robots 22 | . 22 Core Hits 12 | . 12 Critical Kills . | . . Critical Parts Destroyed . | . . Critical Strikes . | . . Melee Attacks . | . . Impact . | . . Slashing . | . . Piercing . | . . Sneak Attacks . | . . Combat Hostiles . | . . Follow-up Attacks . | . . Damage Inflicted 452 | . 452 Guns 342 | . 342 Cannons . | . . Explosions 110 | . 110 Melee . | . . Ramming . | . . Kinetic 47 | . 47 Thermal 88 | . 88 Explosive 79 | . 79 Electromagnetic 238 | . 238 Impact . | . . Slashing . | . . Piercing . | . . Highest Corruption . | . . Average Corruption . | . . Corruption Purged . | . . Corruption Blocked . | . . Overload Shots . | . . Overflow Damage 11 | . 11 Projectiles . | . . Explosions 11 | . 11 Melee . | . . Knockbacks . | . . Impact . | . . Kinetic . | . . Secondary . | . . Self-Inflicted Damage 123 | . 123 Shots 3 | . 3 Rammed . | . . Targets Rammed . | . . Kicked . | . . Crushed . | . . Highest Temperature 93 | . 93 Average Temperature 31 | . 31 Received Heat Transfer 378 | . 378 Siege Activations . | . . Robots Corrupted . | . . Combat Hostiles . | . . Parts Fried . | . . Impact Corruptions . | . . Robots Melted . | . . Combat Hostiles . | . . Parts Melted . | . . Heat Transferred 175 | . 175 Parts Sabotaged . | . . Parts Stolen . | . . Parts Stripped . | . . Power Chain Reactions 1 | . 1 Alert | -11 -10 ------- Run | Yrd Mat Peak Influence 157 | . 157 Initial . | . . Average 45 | . 49 Maximum Alert Level . | . . Low Security (%) 100 | 100 100 Level 1 . | . . Level 2 . | . . Level 3 . | . . Level 4 . | . . Level 5 . | . . High Security . | . . Max Security . | . . Squads Dispatched . | . . Investigation . | . . Extermination . | . . Reinforcement . | . . Assault . | . . Garrison . | . . Intercept . | . . Searches Triggered . | . . Construction Impeded . | . . Haulers Reinforced . | . . Active Scanning Responses . | . . Cargo Convoy Interrupts . | . . Stealth | -11 -10 --------- Run | Yrd Mat Distress Signals 2 | . 2 Communications Jammed . | . . Distress Signals . | . . Times Spotted 14 | . 14 Peak Tracking Total 3 | . 3 Tactical Retreats 2 | . 2 Traps | -11 -10 ------- Run | Yrd Mat Traps Triggered 1 | . 1 Indirectly . | . . Trap Hack Attempts . | . . Triggered . | . . Disarmed . | . . Reprogrammed . | . . Reused . | . . Traps Extracted . | . . Installed . | . . Triggered . | . . Machines | -11 -10 ---------- Run | Yrd Mat Machines Disabled 1 | . 1 Max in Single Turn 1 | . 1 Machines Repaired . | . . Machines Dismantled . | . . Machines Sabotaged . | . . Overloaded Fab Kills . | . . Hacking | -11 -10 --------- Run | Yrd Mat Machines Accessed 4 | . 4 Terminals 2 | . 2 Fabricators . | . . Repair Stations . | . . Recycling Units 2 | . 2 Scanalyzers . | . . Garrison Access . | . . Total Hacks 7 | . 7 Successful 4 | . 4 Failed 3 | . 3 Catastrophic 1 | . 1 Database Lockouts . | . . Manual . | . . Terminals 3 | . 3 Fabricators . | . . Repair Stations . | . . Recycling Units 4 | . 4 Scanalyzers . | . . Garrison Access . | . . Terminal Hacks 2 | . 2 Terminal Index 1 | . 1 Locate Traps 1 | . 1 Fabricator Hacks . | . . Repair Station Hacks . | . . Recycling Unit Hacks 2 | . 2 Report Inventory 1 | . 1 Retrieve Components 1 | . 1 Scanalyzer . | . . Garrison Access Hacks . | . . Unauthorized Hacks . | . . Terminals . | . . Fabricators . | . . Repair Stations . | . . Recycling Units . | . . Scanalyzers . | . . Garrison Access . | . . Data Cores Recovered . | . . Used . | . . Hacking Detections 2 | . 2 Full Trace Events . | . . Feedback Events . | . . Feedback Blocked . | . . Robot Schematics Acquired . | . . Robots Built . | . . Authchips . | . . Time . | . . Total Robot Build Rating . | . . Part Schematics Acquired . | . . Parts Built . | . . Authchips . | . . Time . | . . Total Part Build Rating . | . . Parts Repaired . | . . Time . | . . Parts Recycled . | . . Recycled Matter . | . . Retrieved Matter . | . . Retrieved Components 1 | . 1 Parts Scanalyzed . | . . Part Schematics Acquired . | . . Parts Damaged . | . . Bothacking | -11 -10 ------------ Run | Yrd Mat Used RIF Installer . | . . Robots Hacked . | . . Non-combat . | . . Combat . | . . Robot Hacks Applied . | . . Relay Couplers Released . | . . Fabnet Peak Effective % . | . . Robots Rewired . | . . Allies Hacked . | . . Hacks Repelled . | . . Allies | -11 -10 -------- Run | Yrd Mat Total Allies . | . . Largest Group . | . . Highest-Rated Group . | . . Highest-Rated Ally . | . . Total Orders . | . . Ally Attacks . | . . Total Damage . | . . Kills . | . . Allies Corrupted . | . . Allies Melted . | . . Intel | -11 -10 ------- Run | Yrd Mat Robot Analysis Total . | . . Derelict Logs Recovered . | . . Drone Launches . | . . Drone Recoveries . | . . Exploration | -11 -10 ------------- Run | Yrd Mat Turns Passed 618 | 50 568 Spaces Moved 401 | 39 362 Core 13 | 13 . Treads . | . . Legs 388 | 26 362 Wheels . | . . Hover . | . . Flight . | . . Fastest Speed 50 | 50 120 Average Speed 118 | 96 120 Slowest Speed 190 | 120 190 Overloaded Moves . | . . Propulsion Burnouts . | . . Robots Hopped . | . . Cave-ins Triggered . | . . Exploration Rate (%) 32 | 4 61 Regions Visited 1 Branch Regions . Pre-discovered Areas . | . . Known Exits Taken . | . . Unknown Exits Taken 1 | 1 . Scrap Searched . | . . Spaces Dug . | . . Terrain Destroyed 31 | . 31 Melee . | . . Projectile . | . . AOE 31 | . 31 Terrain Rammed . | . . Walls Destroyed . | . . Machines Disabled . | . . Actions | -11 -10 --------- Run | Yrd Mat Total 501 | 52 449 Wait 35 | . 35 Move 400 | 38 362 Hop . | . . Pick Up 19 | 7 12 Fast Attach . | . . Attach 11 | 6 5 Detach . | . . Swap 1 | . 1 Drop 5 | 1 4 Fire 30 | . 30 Melee . | . . Ram . | . . Kick . | . . Crush . | . . Escape Stasis . | . . Rewire . | . . Trap . | . . Miscellaneous . | . . Route ------- -11/Scrapyard -10/Materials (discovered 3 exits: *Mat x2 / [*Min]) History --------- Turn | Location | Event 10 | -11/Scrapyard | Discovered new exit (range 15) 51 | -11/Scrapyard | Entered Materials 246 | -10/Materials | Discovered new exit (range 7) 299 | -10/Materials | Identified exit to Materials 302 | -10/Materials | Build established: Mutant 404 | -10/Materials | Discovered new exit (range 7) 476 | -10/Materials | Discovered exit to Materials (range 15) 532 | -10/Materials | Core integrity fell below 50% 565 | -10/Materials | Lost 3 parts (1n2w) 605 | -10/Materials | Core integrity fell below 20% 619 | -10/Materials | Destroyed self via exploding Nuclear Reactor Last Messages --------------- Acquired Sml. Laser. W-16 Scout sends out distress signal. K-01 Serf destroyed. EM Pulse Gun destroyed. R-06 Scavenger inserts Visual Processing Unit into recycling unit. Acquired Wheel. Acquired 4 matter. Aluminum Leg destroyed. R-06 Scavenger collects Med. Matter Pod. K-01 Serf collects debris. Sml. Laser destroyed. Critical hit (Burn: +37). K-01 Serf collects debris. Acquired Grenade Launcher. Acquired Assault Rifle. Critical hit (Burn: +37). G-47 Trooper destroyed. G-34 Mercenary destroyed. Nuclear Reactor explodes. Map ----- +----------------------------------------------------+ | ########## ! #?# #???""" # #???????? | | + """ ### ###???# ## ###?????? | | ########## """ # ##### %""##????? | | #????????# """ # %"#????# | | ##????????# + ######"" "#????# | | #?????????# """ # #????### ##????# | | #?????????# """ # #########??????#%#?????# | | #?????????# """ #######??????????????# #?????# | | ######????# #???????????##########%####### | | ##"""#??############???????????# # + | | ##"Y"### #?? ??????# "T" # # | | # #?? ??????# # # | | # """ """ #?? """"??# """ # | | """ # """ """ #?? """""?#""""" + | | """ # """ """ ! #??! ?#""""" # | | """ # #?? ??#""""" ######### | | # # #?? ??# """ #????# | | ###"########+########## ##?# !#????# "" | | w #?##########????# "" | | #???????????????# "" | | ????????????????# | | ##########+######+### ??????????????# "" | | #????# # # [%! ??????????????# "" | | #????#"" # =% ??????????????# "" | | #????#"T # " " !* ??????????????? | | ##????#"" #! "R" # @ ?????????????????# | | ??????# # """ ?????????????????? | | ??????# """"" # # ?????????????????? | | ??????# """"" ######## "T" #?????????????????? | | ??????# """"" #??????# ! """ #?????????????????? | | ??????# #??????# #?????????????????? | | ??????###?###?##??????##########?????????????????? | | ?????????????????????????????????????????????????? | | ?????????????????????????????????????????????????? | | ?????????????????????????????????????????????????? | | | | | | | | | | | | | | | | | | | | | | | | | | | | | | | +----------------------------------------------------+ Best States ------------- Heat Dissipation 25 Energy Generation 10 Energy Capacity 250 Matter Stores 300 Matter Capacity 300 Sight Range 16 Terrain Scan Density 10 Evasion (%) 55 Item Schematics ----------------- None Robot Schematics ------------------ None Fabricated ------------ Nothing Alien Tech Used ----------------- None Achievements -------------- None Challenges ------------ None Game ------ Seed DynamicRecoilCloak Manual? 0 Play Time 00:07:56 Cumulative 13.4 hours Start 2024.05.18 @ 17:43:00 End 2024.05.18 @ 17:49:03 Sessions 1 Manual Loads 0 Difficulty Rogue Special Mode None Game No. 24 Rogue 24 Adventurer 0 Explorer 0 Win Type - Total 0 Types 0/0/0/0/0/0/0/0/0 Lore% 20 Gallery% 26 Achievement% 22 Wizard Run 0 Options --------- Layout 1 ASCII 0 Keyboard 0 Movement Mouse Keybinds 0 Fullscreen 2 Font 32/SmallcapsGlow Map View 50x35 Zoom Use 0% Tactical HUD 0 Map Filters NONE Filters NONE Steam 1 RUN: 91b3f11a-2f8d-4358-9a56-2924fbdfe132